Map: Romanticide LE

Players

Rex

  • Race: Zerg Zerg

Nice - Winner!

  • Race: Protoss Protoss

VOD

Have the link to the VOD?

Description

Time

  • Played on: Oct. 1, 2021, 9:27 a.m.
  • Length: 52:57
Show
View Real Time Build Order
Export as new Build Order

Rex Zerg 

Build Orders: Hatch First 

Get SALT Encoding   

  12  0:00  Drone  
  13  0:12  Overlord  
  13  0:16  Drone  
  14  0:30  Drone x2  
  16  0:50  Drone  
  16  0:55  Drone  
  18  0:57  Hatchery  
  18  1:01  Drone  
  18  1:08  Extractor  
  17  1:16  Spawning Pool  
  16  1:19  Drone  
  16  1:23  Drone  
  18  1:27  Drone  
  19  1:39  Drone  
  20  1:57  Overlord  
  20  2:07  Queen  
  22  2:09  Queen  
  22  2:10  Zergling x4  
  22  2:13  Metabolic Boost  
  26  2:18  Drone  
  26  2:20  Drone  
  28  2:25  Drone  
  29  2:31  Drone  
  30  2:43  Hatchery  
  29  2:53  Queen  
  29  2:57  Drone x2  
  32  3:02  Overlord  
  32  3:10  Zergling x4  
  34  3:15  Drone x2  
  36  3:22  Drone  
  36  3:23  Drone x3  
  40  3:27  Overlord  
  40  3:35  Overlord  
  40  3:37  Queen  
  42  3:49  Drone x3  
  42  3:51  Drone  
  42  3:52  Drone x2  
  47  3:56  Queen  
  47  3:57  Drone x2  
  47  4:00  Drone  
  51  4:05  Drone  
  51  4:06  Drone x2  
  51  4:08  Spore Crawler  
  53  4:11  Spore Crawler  
  53  4:14  Drone  
  53  4:15  Drone x2  
  55  4:18  Drone  
  55  4:19  Spore Crawler  
  55  4:22  Overlord  
  55  4:26  Drone  
  55  4:30  Lair  
  56  4:34  Extractor  
  56  4:35  Drone  
  56  4:40  Roach Warren  
  56  4:43  Zergling x6  
  56  4:44  Zergling x2  
  58  4:46  Queen  
  58  4:51  Drone x4  
  64  4:57  Pneumatized Carapace  
  64  4:58  Drone  
  65  5:09  Overlord  
  65  5:10  Overlord x2  
  65  5:25  Drone x2  
  65  5:28  Drone  
  67  5:31  Drone x7  
  67  5:35  Drone x4  
  76  5:38  Drone  
  76  5:40  Overseer  
  76  5:43  Drone  
  76  5:44  Drone  
  76  5:46  Drone  
  78  5:55  Drone x3  
  78  5:57  Drone x3  
  84  5:58  Extractor x4  
  84  5:59  Drone  
  84  6:01  Drone  
  84  6:02  Drone, Hydralisk Den  
  84  6:04  Drone  
  83  6:06  Evolution Chamber  
  83  6:08  Drone  
  83  6:09  Drone x2  
  85  6:18  Overseer, Overlord  
  85  6:22  Drone x3  
  88  6:26  Extractor  
  88  6:27  Drone x3  
  87  6:33  Drone  
  87  6:40  Spire  
  87  6:41  Queen x2  
  87  6:42  Queen  
  87  6:45  Overseer  
  92  6:49  Hatchery  
  92  6:50  Drone  
  92  6:51  Drone x2  
  92  6:52  Hatchery, Muscular Augments  
  93  6:54  Overlord  
  93  6:56  Zerg Missile Weapons Level 1, Zergling x6  
  96  7:10  Overlord x3  
  96  7:15  Drone x3  
  96  7:16  Drone  
  96  7:17  Overlord x3  
  94  7:34  Hydralisk  
  94  7:35  Hydralisk x4  
  94  7:36  Overlord  
  104  7:40  Overseer  
  104  7:45  Glial Reconstitution  
  102  8:05  Mutalisk x8  
  104  8:08  Mutalisk  
  121  8:12  Drone  
  121  8:13  Drone x11  
  132  8:22  Drone x5  
  132  8:23  Extractor  
  132  8:26  Mutalisk x2  
  140  8:27  Extractor  
  140  8:28  Drone x2  
  140  8:32  Infestation Pit  
  140  8:34  Drone x5  
  140  8:40  Drone x4  
  149  8:43  Hatchery, Overlord x2  
  149  8:44  Overlord  
  149  8:46  Evolution Chamber  
  149  8:47  Overlord  
  147  8:51  Overlord  
  147  8:53  Overlord x2  
  147  8:56  Spire  
  147  9:00  Zerg Missile Weapons Level 2  
  146  9:04  Evolution Chamber  
  146  9:06  Baneling Nest  
  146  9:07  Hydralisk x5  
  146  9:08  Zergling x2  
  146  9:09  Overlord  
  155  9:16  Hive  
  155  9:18  Zerg Melee Weapons Level 1  
  155  9:21  Zergling x18  
  155  9:22  Overseer  
  164  9:31  Zerg Ground Armor Level 1  
  164  9:32  Zergling x16  
  164  9:38  Overlord  
  172  9:40  Drone x8  
  172  9:45  Pathogen Glands  
  178  9:51  Spore Crawler x4  
  178  9:52  Spore Crawler  
  173  9:58  Drone x2  
  175  10:00  Infestor x3  
  175  10:01  Infestor  
  175  10:02  Spore Crawler x2  
  175  10:03  Drone  
  182  10:11  Grooved Spines  
  182  10:25  Drone x2, Extractor  
  182  10:26  Extractor  
  182  10:28  Drone x5, Spore Crawler x2  
  186  10:29  Spore Crawler  
  186  10:33  Spore Crawler x2  
  186  10:34  Spore Crawler x2  
  180  10:41  Greater Spire  
  180  10:42  Viper, Neural Parasite  
  180  10:43  Viper  
  180  10:45  Drone  
  180  10:49  Drone  
  188  10:50  Spore Crawler x3  
  185  10:57  Adrenal Glands  
  185  10:58  Overlord  
  185  11:00  Ultralisk Cavern  
  185  11:01  Hatchery  
  183  11:15  Drone x5, Spore Crawler x2  
  183  11:16  Spore Crawler x3  
  183  11:17  Spore Crawler  
  183  11:18  Corruptor x3, Spore Crawler  
  181  11:20  Spore Crawler  
  181  11:21  Spore Crawler  
  181  11:24  Zerg Missile Weapons Level 3, Spore Crawler x2  
  183  11:26  Spore Crawler  
  183  11:27  Spore Crawler  
  181  11:38  Spire, Zerg Melee Weapons Level 2  
  180  11:43  Drone x3  
  183  11:47  Spore Crawler x2  
  183  11:48  Spine Crawler, Spore Crawler  
  183  11:49  Spine Crawler  
  178  11:55  Zerg Flyer Weapons Level 1  
  178  11:56  Chitinous Plating  
  178  12:02  Centrifugal Hooks, Zerg Ground Armor Level 2  
  178  12:05  Drone x3  
  181  12:10  Spore Crawler  
  181  12:12  Spore Crawler  
  181  12:13  Corruptor x2  
  183  12:20  Corruptor x2  
  183  12:22  Corruptor  
  165  12:31  Corruptor x3  
  157  12:55  Zerg Flyer Armor Level 1  
  157  13:00  Drone x12  
  169  13:10  Ultralisk x3, Hatchery  
  186  13:15  Anabolic Synthesis  
  186  13:16  Overseer  
  186  13:17  Overseer  
  186  13:19  Drone x3  
  189  13:33  Drone x3  
  192  13:39  Viper x3  
  195  13:42  Spore Crawler x3  
  195  13:43  Spore Crawler x2  
  195  13:45  Spore Crawler  
  171  14:06  Corruptor x12  
  177  14:13  Corruptor x2  
  177  14:14  Corruptor  
  155  14:32  Ultralisk  
  155  14:33  Ultralisk, Zergling x6  
  170  14:39  Drone x2  
  170  14:41  Drone x2  
  174  14:47  Brood Lord x3, Spore Crawler x2  
  174  14:51  Extractor x2  
  176  14:54  Ultralisk, Zergling x12  
  176  14:55  Baneling x2  
  188  15:06  Brood Lord x2  
  192  15:11  Drone x2  
  192  15:12  Spore Crawler x2  
  192  15:14  Spore Crawler  
  191  15:20  Zerg Flyer Armor Level 2, Spore Crawler, Zerg Flyer Weapons Level 2  
  190  15:26  Infestor  
  192  15:35  Drone x8  
  197  15:39  Spore Crawler  
  197  15:40  Spore Crawler  
  198  15:47  Drone x2  
  200  15:50  Zerg Ground Armor Level 3, Spine Crawler  
  200  15:52  Zerg Melee Weapons Level 3  
  200  15:53  Spine Crawler  
  198  15:58  Overlord x4  
  198  16:12  Overlord  
  190  16:41  Infestor  
  190  16:42  Infestor x3  
  186  17:01  Hatchery  
  186  17:08  Viper x2  
  185  17:09  Spore Crawler x3  
  188  17:23  Brood Lord x3  
  194  17:43  Spore Crawler x4  
  194  17:44  Drone x3, Spore Crawler  
  193  17:45  Spore Crawler  
  193  17:48  Spore Crawler  
  190  17:53  Corruptor x4  
  190  17:55  Spore Crawler x2  
  190  17:56  Spore Crawler x2  
  194  18:00  Overseer  
  194  18:06  Overseer  
  194  18:14  Drone  
  195  18:27  Overseer  
  195  18:46  Corruptor x2  
  199  18:55  Zerg Flyer Weapons Level 3, Zerg Flyer Armor Level 3  
  199  18:57  Baneling x4  
  148  19:46  Corruptor x15  
  160  19:57  Viper x3  
  165  20:00  Ultralisk x3, Zergling x16  
  165  20:03  Queen x2  
  165  20:04  Brood Lord x5  
  199  20:12  Extractor  
  198  20:26  Spine Crawler x2  
  198  20:27  Spine Crawler x2  
  198  20:28  Spine Crawler  
  193  20:30  Spore Crawler  
  192  20:37  Hatchery  
  192  20:39  Hatchery  
  191  20:45  Hatchery  
  191  20:49  Hatchery  
  190  20:57  Baneling x12  
  190  21:15  Overlord x4  
  189  21:25  Overlord x2  
  189  21:37  Drone  
  190  21:40  Spore Crawler  
  190  21:41  Spine Crawler, Spore Crawler x3  
  190  21:42  Spine Crawler x2  
  190  21:45  Spine Crawler  
  182  21:54  Overseer x4  
  173  22:09  Viper x3  
  178  22:21  Drone x3  
  181  22:23  Drone x6  
  181  22:25  Drone  
  181  22:26  Drone x4  
  192  22:33  Brood Lord  
  192  22:34  Brood Lord x2  
  198  22:37  Unknown  
  198  22:39  Spore Crawler x2  
  198  22:40  Spore Crawler  
  198  22:41  Spore Crawler x4  
  190  22:44  Brood Lord x3, Spore Crawler  
  190  22:47  Drone x2  
  197  22:53  Spore Crawler  
  196  23:05  Zergling x18  
  192  23:18  Drone x3  
  175  23:28  Corruptor x8  
  175  23:29  Corruptor x2  
  183  23:58  Infestation Pit  
  178  24:09  Corruptor x10  
  192  24:10  Zergling x14  
  143  24:45  Corruptor  
  143  24:46  Zergling x24, Corruptor x3  
  161  24:53  Zergling x2  
  161  24:54  Zergling x4  
  164  25:11  Queen x2  
  164  25:12  Overseer x4  
  168  25:18  Infestor  
  170  25:22  Hatchery  
  170  25:26  Hatchery  
  168  25:36  Spore Crawler  
  168  25:37  Spore Crawler  
  168  25:39  Zergling x22  
  177  25:49  Viper  
  177  25:54  Drone  
  176  25:57  Unknown  
  174  26:09  Queen  
  174  26:11  Queen x2  
  176  26:17  Drone x2  
  182  26:41  Drone x8  
  182  26:46  Infestor x2  
  194  27:01  Drone  
  195  27:12  Greater Spire  
  195  27:17  Drone x2  
  195  27:19  Drone x3  
  200  27:27  Extractor x2  
  198  27:33  Drone  
  199  28:01  Spore Crawler  
  199  28:02  Spore Crawler  
  199  28:03  Baneling x3, Spore Crawler  
  199  28:04  Baneling  
  199  28:05  Baneling x3  
  196  28:06  Baneling x4  
  196  28:07  Drone  
  196  28:08  Drone x2  
  199  28:16  Spore Crawler x3  
  199  28:17  Spore Crawler  
  199  28:18  Spore Crawler  
  199  28:19  Spore Crawler  
  189  28:25  Drone, Spore Crawler  
  189  28:26  Drone x8  
  195  28:27  Spore Crawler  
  195  28:29  Spore Crawler  
  195  28:30  Infestor x3  
  199  28:37  Baneling x6  
  183  28:55  Brood Lord  
  183  28:56  Brood Lord x3  
  183  28:58  Drone x2  
  183  28:59  Drone  
  183  29:01  Spore Crawler x3  
  190  29:04  Zergling x20  
  200  29:31  Spore Crawler  
  200  29:32  Spore Crawler x2  
  197  30:01  Drone x3  
  197  30:02  Spore Crawler x2  
  196  30:10  Spore Crawler  
  191  30:30  Viper x3  
  183  30:48  Corruptor x8  
  195  31:04  Burrow  
  195  31:11  Drone  
  195  31:12  Drone x4  
  195  31:17  Spore Crawler x2  
  195  31:31  Zergling x10  
  200  31:34  Zergling x2  
  200  31:35  Zergling x2  
  200  32:08  Baneling x4  
  197  32:20  Baneling  
  185  32:37  Brood Lord x3  
  185  32:43  Drone x3  
  194  32:47  Evolution Chamber x2  
  194  32:48  Evolution Chamber  
  160  33:10  Zergling x28  
  171  33:19  Ultralisk  
  173  33:23  Zergling x8  
  169  33:32  Ultralisk x2  
  180  33:54  Viper x3  
  189  33:55  Overlord  
  189  33:56  Overlord x2  
  189  34:13  Spore Crawler x2  
  189  34:14  Spore Crawler x2  
  189  34:15  Spore Crawler x2  
  183  34:17  Spore Crawler  
  183  34:20  Spire  
  181  34:49  Viper x2  
  181  34:51  Drone x3  
  190  34:53  Hatchery  
  190  34:55  Extractor x2  
  190  34:58  Zergling x20  
  197  35:06  Overseer x3  
  197  35:11  Overlord  
  189  35:39  Queen  
  189  35:42  Greater Spire  
  191  35:58  Queen  
  191  35:59  Queen  
  195  36:09  Spore Crawler x2  
  195  36:10  Spore Crawler x2  
  191  36:11  Spore Crawler  
  191  36:12  Spine Crawler x2  
  191  36:15  Queen  
  185  36:39  Queen x2  
  185  36:40  Hatchery, Queen  
  185  36:42  Extractor  
  185  36:44  Extractor  
  185  36:46  Drone x3  
  189  37:16  Brood Lord  
  189  37:17  Brood Lord x2  
  195  37:32  Spore Crawler x2  
  195  37:33  Spore Crawler  
  192  37:49  Spore Crawler x2  
  192  37:50  Spore Crawler  
  179  39:30  Spine Crawler  
  179  39:31  Spore Crawler x2  
  176  39:34  Drone x3  
  173  39:42  Infestor x3  
  179  39:47  Drone x3  
  179  39:50  Extractor  
  162  40:12  Corruptor x10  
  179  40:15  Queen  
  179  40:33  Zergling x2  
  179  40:34  Zergling x20  
  177  40:55  Queen x3  
  177  40:56  Queen  
  181  41:16  Overlord x2  
  169  41:39  Zergling x4  
  172  41:40  Zergling x6  
  174  41:51  Spore Crawler  
  174  41:52  Spore Crawler x3  
  170  42:30  Queen x3  
  170  42:31  Queen  
  178  43:05  Extractor  
  165  43:39  Infestor x3  
  124  43:59  Zergling x46  
  146  44:05  Zergling x2  
  119  44:57  Corruptor x4  
  119  44:58  Corruptor x4  
  135  45:14  Extractor  
  134  45:25  Spawning Pool  
  133  46:02  Drone x3  
  133  46:25  Zergling x18, Queen  
  144  47:02  Queen  
  146  47:43  Queen  
  148  47:52  Drone  
  144  50:53  Infestor  
  144  51:24  Infestor x3  
  144  51:32  Infestor x3  
  110  52:14  Zergling x2  
Show
View Real Time Build Order
Export as new Build Order

Nice Protoss - Winner!

Build Orders: Carriers 

Get SALT Encoding   

  12  0:00  Probe  
  13  0:12  Probe  
  14  0:19  Pylon  
  14  0:24  Probe  
  15  0:41  Gateway  
  16  0:47  Pylon  
  16  0:50  Probe (Chrono Boost)  
  16  0:56  Probe (Chrono Boost)  
  16  0:58  Assimilator  
  17  1:08  Probe  
  18  1:20  Probe  
  19  1:33  Probe  
  20  1:45  Cybernetics Core, Probe  
  21  1:48  Nexus  
  21  1:53  Assimilator  
  21  1:59  Pylon  
  21  2:02  Probe  
  22  2:13  Probe  
  23  2:18  Adept (Chrono Boost)  
  23  2:21  Probe  
  25  2:29  Probe  
  27  2:40  Probe  
  27  2:41  Adept  
  30  2:49  Stargate  
  30  2:51  Warp Gate  
  30  2:56  Probe (Chrono Boost)  
  31  3:01  Probe (Chrono Boost)  
  32  3:11  Probe (Chrono Boost)  
  32  3:12  Probe (Chrono Boost)  
  36  3:16  Gateway  
  36  3:19  Probe (Chrono Boost)  
  36  3:22  Probe (Chrono Boost)  
  36  3:24  Probe (Chrono Boost)  
  36  3:26  Void Ray (Chrono Boost)  
  37  3:27  Pylon  
  37  3:30  Probe  
  37  3:33  Probe  
  43  3:38  Pylon  
  43  3:42  Probe  
  43  3:45  Probe  
  45  3:50  Adept  
  45  3:54  Probe  
  46  3:58  Probe  
  46  3:59  Assimilator  
  46  4:01  Assimilator  
  47  4:07  Oracle (Chrono Boost)  
  47  4:09  Probe  
  51  4:14  Probe  
  52  4:21  Probe  
  53  4:25  Pylon  
  53  4:26  Probe  
  53  4:27  Nexus  
  53  4:31  Void Ray  
  54  4:33  Probe  
  59  4:38  Probe  
  59  4:42  Pylon  
  59  4:45  Adept x2  
  64  4:52  Probe (Chrono Boost)  
  65  4:54  Probe (Chrono Boost)  
  65  4:59  Stargate  
  66  5:01  Forge  
  66  5:06  Probe (Chrono Boost)  
  68  5:08  Void Ray  
  68  5:10  Probe (Chrono Boost)  
  68  5:13  Probe (Chrono Boost)  
  73  5:16  Probe (Chrono Boost)  
  73  5:17  Shield Battery  
  73  5:21  Probe  
  74  5:28  Probe  
  76  5:33  Probe  
  76  5:34  Pylon  
  77  5:36  Void Ray  
  77  5:39  Pylon  
  77  5:40  Probe  
  78  5:43  Probe (Chrono Boost)  
  78  5:45  Assimilator  
  78  5:46  Probe (Chrono Boost)  
  78  5:47  Assimilator  
  80  5:53  Robotics Facility  
  80  5:55  Probe (Chrono Boost)  
  82  5:58  Probe (Chrono Boost)  
  82  6:02  Probe (Chrono Boost)  
  82  6:03  Void Ray, Probe (Chrono Boost), Pylon  
  84  6:06  Probe (Chrono Boost), Pylon  
  84  6:07  Protoss Air Weapons Level 1 (Chrono Boost)  
  84  6:09  Probe x2  
  91  6:15  Void Ray  
  91  6:16  Probe  
  92  6:25  Shield Battery  
  96  6:27  Adept  
  96  6:28  Adept  
  100  6:40  Void Ray  
  100  6:43  Photon Cannon  
  100  6:44  Observer (Chrono Boost)  
  100  6:45  Photon Cannon  
  105  6:48  Robotics Bay  
  105  6:50  Pylon  
  105  6:52  Void Ray  
  105  6:57  Observer (Chrono Boost)  
  110  7:09  Photon Cannon, Stargate  
  110  7:13  Pylon  
  110  7:17  Void Ray  
  108  7:29  Void Ray  
  110  7:36  Disruptor (Chrono Boost)  
  114  7:39  Fleet Beacon, Probe x2  
  114  7:40  Probe  
  114  7:44  Nexus  
  120  7:45  Pylon  
  120  7:49  Pylon  
  120  7:51  Assimilator, Probe x2  
  120  7:53  Observer  
  120  7:55  Assimilator, Probe  
  120  7:56  Pylon  
  123  8:02  Photon Cannon, Disruptor (Chrono Boost)  
  123  8:03  Observer, Probe x2  
  123  8:05  Photon Cannon, Shield Battery  
  128  8:07  Photon Cannon  
  128  8:09  Shield Battery  
  128  8:12  Flux Vanes  
  128  8:18  Carrier (Chrono Boost)  
  128  8:20  Photon Cannon  
  140  8:30  Carrier (Chrono Boost)  
  139  8:42  Carrier (Chrono Boost)  
  139  8:43  Probe x2  
  139  8:44  Probe  
  139  8:45  Photon Cannon  
  147  8:55  Stalker x2  
  147  8:57  Probe x2  
  147  9:00  Probe  
  147  9:01  Probe  
  153  9:08  Observer  
  153  9:09  Probe  
  154  9:10  Photon Cannon, Observer  
  154  9:15  Disruptor (Chrono Boost)  
  160  9:18  Carrier (Chrono Boost)  
  163  9:24  Photon Cannon  
  163  9:26  Shield Battery  
  163  9:28  Photon Cannon  
  160  9:36  Shield Battery  
  166  9:42  Carrier (Chrono Boost)  
  166  9:46  Disruptor  
  169  9:56  Protoss Air Weapons Level 2 (Chrono Boost)  
  169  9:58  Photon Cannon, Mothership (Chrono Boost)  
  169  10:00  Shield Battery  
  177  10:12  Pylon  
  177  10:14  Nexus, Protoss Ground Weapons Level 1 (Chrono Boost), Pylon  
  177  10:16  Pylon  
  177  10:19  Twilight Council  
  176  10:30  Carrier (Chrono Boost)  
  176  10:35  Assimilator  
  182  10:37  Assimilator  
  182  10:42  Observer (Chrono Boost), Pylon  
  183  10:43  Gravitic Boosters  
  183  10:52  Photon Cannon  
  183  10:53  Photon Cannon, Shield Battery  
  183  10:55  Charge  
  189  10:57  Carrier (Chrono Boost)  
  189  10:59  Gateway  
  189  11:00  Gateway  
  184  11:13  Probe x2 (Chrono Boost)  
  184  11:14  Probe (Chrono Boost)  
  184  11:16  Photon Cannon  
  184  11:18  Photon Cannon  
  184  11:20  Shield Battery  
  184  11:25  Carrier (Chrono Boost)  
  190  11:36  Probe x4  
  190  11:37  Probe, Templar Archives  
  195  11:51  Gateway  
  195  11:52  Gateway  
  194  11:54  Gateway  
  194  11:57  Carrier  
  200  12:06  Gateway  
  200  12:08  Gateway  
  200  12:10  Gateway  
  200  12:12  Psionic Storm, Gateway  
  200  12:15  Protoss Ground Weapons Level 2 (Chrono Boost)  
  199  12:34  Blink (Chrono Boost)  
  199  12:36  Gravitic Drive (Chrono Boost)  
  198  12:42  Protoss Air Weapons Level 3 (Chrono Boost)  
  182  12:51  High Templar x3  
  182  12:52  High Templar x2  
  182  12:54  Probe x3  
  182  12:55  Probe x2  
  197  13:15  Forge  
  198  13:20  Observer, High Templar  
  198  13:26  Photon Cannon  
  180  14:14  Archon x2  
  180  14:16  Zealot  
  180  14:17  Zealot x10  
  156  14:21  Unknown  
  156  14:24  Void Ray x3  
  156  14:29  Mothership (Chrono Boost)  
  168  14:36  Immortal (Chrono Boost), Protoss Shields Level 1 (Chrono Boost)  
  176  14:43  Robotics Facility, Protoss Ground Weapons Level 3 (Chrono Boost)  
  180  14:48  High Templar x4  
  180  14:49  High Templar  
  190  14:53  Void Ray  
  190  15:01  Void Ray  
  190  15:09  Pylon  
  190  15:12  Assimilator  
  198  15:14  Assimilator  
  198  15:20  Pylon  
  198  15:24  Protoss Air Armor Level 1 (Chrono Boost)  
  198  15:40  Photon Cannon  
  198  15:41  Photon Cannon  
  198  15:42  Photon Cannon  
  198  15:45  Photon Cannon  
  198  15:48  Photon Cannon  
  198  15:49  Photon Cannon  
  198  15:50  Photon Cannon  
  198  15:51  Shield Battery  
  198  15:54  Shield Battery  
  198  15:55  Nexus  
  198  16:02  Zealot  
  198  16:20  High Templar  
  196  16:45  Protoss Shields Level 2 (Chrono Boost)  
  163  17:03  High Templar  
  163  17:04  High Templar x3  
  163  17:05  High Templar  
  163  17:07  Tempest x2 (Chrono Boost)  
  188  17:16  Protoss Ground Armor Level 1, Stargate  
  188  17:18  Stargate  
  188  17:19  Stargate  
  188  17:20  Protoss Air Armor Level 2 (Chrono Boost), Tempest (Chrono Boost)  
  188  17:26  Stargate x2  
  188  17:27  High Templar x2  
  192  17:34  High Templar  
  192  17:35  High Templar x3  
  200  17:39  Archon x2  
  200  17:59  Observer (Chrono Boost)  
  200  18:02  Observer (Chrono Boost)  
  200  18:18  Shield Battery  
  200  18:21  Pylon  
  200  18:22  Nexus  
  200  18:23  Pylon  
  200  18:25  Unknown  
  200  18:29  Pylon  
  200  18:32  Pylon  
  200  18:44  Oracle  
  199  18:50  Shield Battery  
  199  18:51  Shield Battery  
  199  18:52  Shield Battery x2  
  199  18:55  Shield Battery x2  
  199  18:58  Photon Cannon  
  199  18:59  Protoss Shields Level 3 (Chrono Boost), Photon Cannon  
  199  19:02  Photon Cannon  
  199  19:05  Shield Battery  
  199  19:06  Shield Battery  
  199  19:08  Shield Battery  
  199  19:11  Mothership (Chrono Boost)  
  199  19:12  Photon Cannon  
  199  19:14  Photon Cannon  
  199  19:16  Photon Cannon  
  199  19:18  Pylon, Shield Battery  
  190  19:32  Protoss Air Armor Level 3 (Chrono Boost)  
  178  19:42  Void Ray x2 (Chrono Boost)  
  160  19:49  Void Ray (Chrono Boost)  
  160  19:50  Void Ray x4 (Chrono Boost)  
  160  19:52  Protoss Ground Armor Level 2 (Chrono Boost)  
  176  20:00  Photon Cannon  
  176  20:01  Photon Cannon  
  176  20:03  Photon Cannon  
  176  20:05  Shield Battery  
  176  20:06  High Templar x2  
  180  20:07  High Templar  
  180  20:08  High Templar, Shield Battery  
  180  20:10  Shield Battery  
  180  20:11  Pylon  
  180  20:13  Archon  
  184  20:14  Archon, High Templar  
  184  20:21  Shield Battery  
  186  20:22  Shield Battery  
  186  20:23  High Templar x2  
  186  20:24  Pylon, Shield Battery  
  186  20:27  Photon Cannon  
  190  20:37  Tempest x2  
  200  20:54  Pylon  
  200  20:58  Pylon  
  200  21:04  Pylon  
  200  21:07  Assimilator  
  200  21:08  Assimilator  
  198  21:29  Photon Cannon  
  198  21:30  Photon Cannon  
  198  21:31  Photon Cannon x2  
  198  21:34  Shield Battery  
  198  21:35  Shield Battery  
  198  21:37  Nexus  
  198  21:48  Shield Battery x2  
  198  21:49  Oracle (Chrono Boost)  
  198  21:53  Stargate  
  200  21:56  Stargate  
  200  22:00  Photon Cannon  
  195  22:01  Photon Cannon  
  195  22:08  Protoss Ground Armor Level 3  
  186  22:09  Tempest (Chrono Boost)  
  186  22:15  High Templar x2  
  200  22:18  Oracle (Chrono Boost)  
  200  22:21  Oracle (Chrono Boost)  
  200  22:54  Pylon  
  200  22:55  Photon Cannon  
  200  22:58  Shield Battery  
  200  23:00  Pylon  
  188  24:33  Void Ray (Chrono Boost)  
  188  24:34  Void Ray (Chrono Boost), Archon  
  188  24:35  Void Ray (Chrono Boost)  
  188  24:36  Void Ray x4 (Chrono Boost)  
  169  25:05  Void Ray (Chrono Boost)  
  155  25:09  Void Ray x2 (Chrono Boost)  
  155  25:13  Nexus  
  167  25:14  Pylon  
  167  25:15  Zealot x10  
  187  25:24  Tempest x2  
  197  25:30  Pylon  
  197  25:31  Pylon  
  197  25:46  Shield Battery  
  197  25:47  Photon Cannon  
  197  25:50  Photon Cannon  
  197  25:51  Photon Cannon  
  197  25:54  Shield Battery  
  187  25:57  Carrier  
  187  25:58  Carrier  
  189  26:07  Mothership (Chrono Boost)  
  189  26:14  High Templar  
  199  26:23  Observer (Chrono Boost)  
  200  26:37  Shield Battery x2  
  200  26:39  Photon Cannon  
  200  26:43  Pylon  
  200  27:04  Shield Battery  
  200  27:05  Photon Cannon  
  200  27:06  Photon Cannon x2  
  200  27:16  Pylon  
  200  27:26  Observer (Chrono Boost)  
  200  28:06  Pylon  
  200  28:08  Pylon  
  200  28:30  Shield Battery  
  200  28:31  Shield Battery  
  200  28:32  Shield Battery  
  200  28:34  Shield Battery  
  200  28:35  Shield Battery  
  200  28:38  Pylon  
  200  28:43  Pylon  
  200  28:47  Shield Battery x2  
  196  28:51  Photon Cannon  
  196  28:53  Observer (Chrono Boost)  
  196  28:57  Photon Cannon  
  196  28:58  Photon Cannon  
  196  29:00  Photon Cannon  
  196  29:02  Observer (Chrono Boost), Shield Battery  
  197  29:03  Shield Battery  
  197  29:05  Shield Battery  
  197  29:07  Photon Cannon, Oracle  
  200  29:10  Photon Cannon  
  200  29:11  Shield Battery  
  200  29:12  Shield Battery  
  200  29:14  Shield Battery  
  200  29:15  Shield Battery  
  200  29:17  Shield Battery  
  200  29:19  Photon Cannon  
  200  29:21  Photon Cannon  
  200  29:22  Photon Cannon x2  
  200  29:25  Shield Battery  
  200  29:30  Shield Battery  
  200  29:31  Shield Battery  
  200  29:33  Shield Battery  
  200  29:35  Photon Cannon  
  200  29:37  Photon Cannon  
  200  29:38  Pylon  
  200  29:44  Oracle  
  195  30:52  High Templar x2  
  198  31:08  Stalker  
  188  32:35  Zealot x6  
  189  33:00  Void Ray x8  
  189  33:01  Void Ray x2  
  161  33:15  Stalker x5  
  161  33:16  Stalker x5  
  145  33:44  Void Ray x5 (Chrono Boost)  
  165  33:51  High Templar x5  
  165  33:52  Carrier (Chrono Boost), High Templar  
  195  34:03  Carrier (Chrono Boost)  
  195  34:04  Carrier (Chrono Boost)  
  193  34:18  Carrier (Chrono Boost)  
  199  34:24  Observer x2 (Chrono Boost)  
  193  35:12  Carrier  
  175  35:43  High Templar x4  
  175  35:44  Zealot x6  
  175  35:49  Archon x2  
  195  35:57  Immortal (Chrono Boost)  
  195  36:02  Observer (Chrono Boost)  
  193  36:44  Mothership (Chrono Boost)  
  187  37:09  High Templar x2  
  191  37:19  Carrier  
  197  37:25  Pylon  
  197  37:27  Pylon  
  197  37:34  Photon Cannon  
  197  37:36  Photon Cannon  
  193  37:38  Shield Battery  
  193  37:39  Shield Battery  
  193  37:44  Pylon  
  193  37:50  Shield Battery  
  193  37:51  Shield Battery  
  193  37:53  Shield Battery  
  193  37:55  Photon Cannon  
  193  37:56  Photon Cannon, Tempest  
  193  37:57  Shield Battery  
  198  38:00  Shield Battery  
  198  38:06  Shield Battery  
  198  38:07  Shield Battery  
  198  38:09  Shield Battery  
  198  38:11  Photon Cannon  
  198  38:13  Pylon  
  195  38:33  High Templar x4  
  190  38:34  High Templar x2  
  186  39:21  Zealot x5  
  186  39:22  Zealot x2  
  200  39:47  Carrier  
  189  39:56  Carrier  
  197  40:15  Observer (Chrono Boost)  
  196  41:08  Carrier  
  191  41:53  Carrier  
  197  42:04  Pylon  
  197  42:07  Pylon  
  195  42:31  Pylon  
  195  42:33  Shield Battery  
  195  42:34  Shield Battery  
  195  42:36  Shield Battery  
  195  42:41  Pylon  
  186  43:16  Zealot x5  
  186  43:17  Zealot x2  
  176  43:57  Zealot x6  
  176  43:58  Zealot x4  
  164  44:45  Zealot  
  164  44:46  Zealot x9  
  162  45:08  Zealot x5  
  162  45:09  Zealot x5  
  179  46:44  Zealot x3  
  179  46:45  Zealot x7  
  191  48:02  Zealot  
  188  48:56  Zealot x7  
  188  48:59  Zealot x3  
  182  50:56  Zealot  
  182  50:57  Zealot x8  
  135  51:55  Zealot x2  
  135  51:56  Zealot x8  
  94  52:18  Zealot x5  
Tags
 
Add a new tag
Caveats
  • Supply blocks, unpowered buildings, or Contaminate may cause inaccurate times.
  • Supply counts are checked every 10 seconds.